massix, lawful male human Samurai * .--..-..------------------------ --------..-. * #|..............................| |...........## ##..---.--|--------------..-----.| ------- |...+......| ##`##|.|.......|........|..+..|...|.| |.<...| |.......^..| #####.......|..|...|....|.....-...|.| |.....| |..........| ## |.---|----.....|-../-.|..|...|.. ##-.....| |...>....'.L###=##|..?...|..|.%.|.|..|..|.-)-..|.| # -|----- |.........@| #|.----.|..|-|--.|..|..|.|...)..| ### ## ------------ #|.|..-.-|--).{..-|-|..|.-)._.|.| # # #|.|..|.............-|--.|.)..|.| ### # #|.|----|--.----|--......|....|.| # # #|.|..|...|....|..---|--------|..######## # #|.|..|(((|.|..|!+| ...|#.| +.| # #|.|..|(](|.---|!)|....|..| |.| -------.- #..-|------..{.---------|------.-########........| |............................... |.......| --------------------------------# --------- massix the Ninja Experience level: 7 Strength: 14 Dexterity: 18 Constitution: 18 Intelligence: 10 Wisdom: 8 Charisma: 8 Health: 0(76) Energy: 20(23) Def: 6 Gold: 130 Moves: 2144 Dungeon seed: 1xvf6XmuE4u0cnE0 Game ID: massix_1556022701 Your Inventory: Coins $ - 130 gold pieces Weapons a - a rusty +0 katana (weapon in hand) b - a +0 wakizashi c - a +0 yumi d - 4 +0 ya (in quiver) i - a cursed -2 shito v - a +0 aklys z - a +0 aklys Armor e - an uncursed rustproof +0 splint mail (being worn) Comestibles j - 3 uncursed eggs Scrolls f - an uncursed scroll of blank paper s - an uncursed scroll of create monster Wands t - a wand of cancellation (0:5) Tools w - an uncursed towel Spells and supernatural/magical abilities: Name Level Category Fail Memory W - pray for help -- divine ? -- Your skills at the end: Fighting Skills martial arts [Basic] Weapon Skills short sword [Basic] long sword [Skilled] bow [Basic] Spellcasting Skills Final Attributes: You were devoutly aligned. You were hallucinating. You were fast. You are dead. Vanquished creatures: 3 gnome kings a water nymph 5 gnome lords 3 gnomish wizards a guardian naga hatchling 2 elf zombies a straw golem a floating eye a dwarf a homunculus a kobold shaman 5 hill orcs 5 monkeys 2 iguanas 2 killer bees a hobbit 2 yellow molds a red mold 24 gnomes a gnome zombie a gecko 4 jackals a fox 2 kobolds a goblin 2 sewer rats 4 grid bugs 2 bats a lichen a newt and a partridge in a pear tree 82 creatures vanquished. Voluntary challenges: You were an atheist. You used a wielded weapon 140 times, starting on turn 17. You read items or engraved 1 time, starting on turn 1953. You never genocided any monsters. You never polymorphed an object. You never changed form. You used no wishes. You never split a pudding. You wrote Elbereth's name 1 time, starting on turn 1953. You violated your moral code, losing 2 points of alignment, starting on turn 2140. Dungeon overview: The Dungeons of Doom: levels 1 to 3 Level 1 a fountain a long staircase Level 2 a fountain stairs to The Gnomish Mines Level 3 The Gnomish Mines: levels 3 to 6 Level 3 stairs to The Dungeons of Doom Level 4 Level 5 <- You were here some shops, a temple to Raijin, some fountains, a sink Level 6 History has recorded: On T:1 you entered the Dungeons of Doom to retrieve the Amulet of Yendor! On T:291 you reached level 2 of The Dungeons of Doom. On T:406 you advanced to experience level 2. On T:498 you reached level 3 of The Dungeons of Doom. On T:803 you reached level 1 of The Gnomish Mines. On T:807 you advanced to experience level 3. On T:845 you advanced to experience level 4. On T:1145 you reached level 2 of The Gnomish Mines. On T:1149 you advanced to experience level 5. On T:1439 you advanced to experience level 6. On T:1589 you reached level 3 of The Gnomish Mines. On T:1941 you reached level 4 of The Gnomish Mines. On T:1946 you advanced to experience level 7. Score breakdown: Gold: 130 ( 7202 points) Experience: 7 levels (13645 points) Exploration: 6 levels ( 12.50%) ( 9784 points) Discoveries: 5 items ( 2.03%) ( 4276 points) Valuables value: (no points given unless you survive) Artifact value: 0 ( 0 points) Variety of kills: 30 monsters ( 7.87%) ( 8418 points) Turncount: 2144 turns ( -103 points) Survival: died (score multiplied by 80%) Total score: 34577 Latest messages: You feel your magical energy drain away! You hear crashing rock. You stop running. You dishonorably attack the innocent! The master mind flayer gets angry! You hit the manes! You see an angry guard approaching! You hit the sleazoid. The kobold zombie wields a wakizashi! You hit the straw golem. The giant ant thrusts his wakizashi. The water nymph hits! You hit the ghoul! The beholder thrusts his wakizashi. The hobgoblin hits! The pit viper wields a silver saber! The red mold swings her silver saber. The black light hits! You hit the fire vortex. The youma swings her silver saber. Morgoth hits! You die... Final status: Sayonara massix the Samurai, killed by a hallucinogen-distorted watch captain... You died in The Gnomish Mines on dungeon level 5 with 34577 points, and 130 pieces of gold, after 2144 moves. You were level 7 with a maximum of 76 hit points when you died.